 Dungeon Crawl Stone Soup version 0.31-a0-1589-g8f5e8aebd6 (webtiles) character file.

Game seed: 14628107958486987097

613 case the Cleaver (level 7, -2/57 HPs)
             Began as a Minotaur Berserker on Jan 6, 2024.
             Was a Believer of Trog.
             Slain by a killer bee (5 damage)
             ... on level 7 of the Dungeon.
             The game lasted 00:05:42 (2414 turns).

case the Cleaver (Minotaur Berserker)               Turns: 2414, Time: 00:05:43

Health: -2/57      AC: 11    Str: 23    XL:     7   Next: 20%
Magic:  6/6        EV:  7    Int:  4    God:    Trog [**....]
Gold:   196        SH:  4    Dex: 16    Spells: 6/6 levels left

rFire   . . .        m - +0 war axe
rCold   . . .        c - +0 buckler
rNeg    . . .        g - +0 plate armour
rPois   .            (helmet restricted)
rElec   .            (no cloak)
rCorr   .            (no gloves)
SInv    .            (no boots)
Will    .....        (no amulet) Stlth
                     b - +6 ring of dexterity
HPRegen 0.29/turn    (no ring)
MPRegen 0.10/turn

%: no passive effects
@: lethally poisoned (-2 -> -8), on berserk cooldown, slowed, very slow
A: horns 2, retaliatory headbutt, mutation resistance 1
a: Renounce Religion, Berserk, Trog's Hand


You were on level 7 of the Dungeon.
You worshipped Trog.
Trog was pleased with you.
You visited 1 branch of the dungeon, and saw 5 of its levels.

You collected 196 gold pieces.

Inventory:

Hand Weapons
 m - a +0 war axe (weapon)
Armour
 c - a +0 buckler (worn)
 g - a +0 plate armour (worn)
Jewellery
 b - a +6 ring of dexterity (left hand)
Scrolls
 e - 2 scrolls of poison
 f - a scroll of identify
 k - a scroll of fear
 o - a scroll of brand weapon {unknown}
Potions
 a - a potion of magic
 h - a potion of brilliance
 i - a potion of degeneration {unknown}
 j - a potion of lignification {unknown}
 l - a potion of curing {unknown}
 n - a potion of attraction {unknown}


   Skills:
 - Level 3.6 Fighting
 * Level 10.0 Axes
 - Level 2.4 Armour
 - Level 2.1 Dodging


You had 6 spell levels left.
You didn't know any spells.
Your spell library was empty.

Dungeon Overview and Level Annotations

Branches:
Dungeon (4/15)
 Temple: D:4-7

Altars:

Shops:
D:1 [   D:3 [


Innate Abilities, Weirdness & Mutations

You have a pair of horns on your head.
You reflexively headbutt those who attack you in melee.
You are somewhat resistant to further mutation.


Message History

You are lethally poisoned!
The killer bee poisons you!
The killer bee stings you but does no damage.
As you read the scroll of fear, it crumbles to dust.
You assume a fearsome visage.
The killer bee looks frightened! x3
The sleepcap is unaffected.
* * * LOW HITPOINT WARNING * * *
You feel extremely sick.
Cornered, the killer bee turns to fight!
The killer bee is engulfed in poison gas.
The killer bee is poisoned.
The killer bee is engulfed in poison gas.
The killer bee looks even sicker.
It was a potion of magic.
Magic courses through your body.
* * * LOW HITPOINT WARNING * * *
You feel very sick.
The killer bee is engulfed in poison gas.
The killer bee is poisoned.
The killer bee barely misses you.
The killer bee is engulfed in poison gas.
The killer bee looks even sicker.
The killer bee is engulfed in poison gas.
The killer bee looks even sicker.
You kill the killer bee!
Trog accepts your kill.
The killer bee stings you but does no damage.
The killer bee is engulfed in poison gas.
The killer bee looks as sick as possible!
The killer bee is engulfed in poison gas.
The killer bee looks as sick as possible!
You block the killer bee's attack.
Your Axes skill increases to level 10!
It was a potion of mutation.
You feel extremely strange.
You feel genetically stable.
* * * LOW HITPOINT WARNING * * *
You feel very sick. Trog accepts your kill.
You feel a bit more experienced. You block the killer bee's attack.
The killer bee stings you but does no damage.
The killer bee stings you.
You die...

....>........#.#
.......§§§§§.... .
.......§§§§...?.## .#
.......§§§.......###.#
#...§§#..# ......
####.§#..# .....###
#f.###.## #..#.... #y##
#..###...# #@#
##........###
#§###..###.#....##
##§§......)........
#§§§§.....#......##
#######§#§§§...##.#..)...
#.....§§#§§§§.....##.#...
#.....§§.§§§§§.#####.##).
#....§§§#§§§☼§§# #.....
#########......# ####..


You could see a sleepcap and a killer bee.

Vanquished Creatures
  An orc warrior (D:7)
  A kobold brigand (D:7)
  A bullfrog (D:7)
  A scorpion (D:7)
  5 killer bees (D:7)
  Natasha (D:4)
  4 gnolls (D:3)
  2 adders
  2 dart slugs
  2 ribbon worms (D:2)
  7 orcs
  3 ball pythons
  5 endoplasms
  A giant cockroach (D:3)
  4 goblins
  4 hobgoblins
  4 kobolds
  4 quokkas
  5 bats
  A frilled lizard (D:3)
  5 rats
63 creatures vanquished.

Notes
Turn   | Place    | Note
-------+----------+-------------------------------------------
     0 | D:1      | case the Minotaur Berserker began the quest for the Orb.
     0 | D:1      | Reached XP level 1. HP: 19/19 MP: 0/0
   427 | D:1      | Found Ubuudow's Armour Shoppe.
   464 | D:1      | Reached skill level 4 in Axes
   551 | D:1      | Reached XP level 2. HP: 24/26 MP: 1/1
   819 | D:2      | Reached skill level 5 in Axes
   819 | D:2      | Reached XP level 3. HP: 31/31 MP: 2/2
   964 | D:2      | Reached ** piety under Trog
   993 | D:2      | Identified the +6 long sword "Qozadyn" {venom, rElec Int+3}
  1355 | D:3      | Reached skill level 6 in Axes
  1355 | D:3      | Reached XP level 4. HP: 33/39 MP: 3/3
  2010 | D:3      | Found Azuhokeo's Antique Armour Emporium.
  2108 | D:4      | Noticed Natasha
  2115 | D:4      | Killed Natasha
  2116 | D:4      | Reached skill level 7 in Axes
  2116 | D:4      | Reached XP level 5. HP: 28/45 MP: 4/4
  2231 | D:4      | You fall into a shaft and drop 3 floors!
  2291 | D:7      | Reached skill level 8 in Axes
  2291 | D:7      | Reached XP level 6. HP: 48/51 MP: 5/5
  2316 | D:7      | Noticed an orc warrior
  2331 | D:7      | Killed an orc warrior
  2396 | D:7      | Reached skill level 9 in Axes
  2402 | D:7      | Reached XP level 7. HP: 57/57 MP: 6/6
  2414 | D:7      | Reached skill level 10 in Axes
  2414 | D:7      | Gained mutation: You are somewhat resistant to further
                  | mutation. [potion of mutation]
  2414 | D:7      | Slain by a killer bee

Illustrated notes

Levels and vault maps discovered:
D:1:      dpeg_arrival_circle_labyrinth_a, layout_rooms, serial_glass,
          glass_columns_c, glass_columns_b, glass_columns_b, glass_columns_a,
          glass_columns_c, serial_shops, nicolae_shop_tiny_real_fake_doors
D:2:      layout_basic
D:3:      layout_rooms, serial_shops, nicolae_shop_tiny_glass,
          nicolae_hexahallways
D:4:      layout_rooms, mainiacjoe_overflow_large_starburst, grunt_ministairs_1,
          uniq_pikel, uniq_natasha
D:7:      layout_rooms, serial_shops, nicolae_shop_peninsula, uniq_maurice

Skill      XL: |  1  2  3  4  5  6  7 |
---------------+----------------------+-----
Axes           | 4 5 6 7 8 9 10 | 10.0
Fighting       | |  3.6
Armour         | |  2.4
Dodging        | |  2.1

Action                     |  1- 3 |  4- 6 |  7- 9 || total
---------------------------+-------+-------+-------++-------
  Melee: Hand axe          |    88 |    23 |       ||   111
         Headbutt          |    12 |    10 |       ||    22
         War axe           |       |    34 |     9 ||    43
 Invoke: Berserk           |     1 |     2 |       ||     3
    Use: Scroll            |       |     3 |     2 ||     5
         Potion            |       |       |     2 ||     2
 Armour: Chain mail        |    17 |       |       ||    17
         Plate armour      |    57 |    49 |    16 ||   122
  Dodge: Dodged            |    40 |    18 |     4 ||    62
  Block: Buckler           |    18 |    13 |     4 ||    35

Table legend: (Time is in decaauts)
 A = Elapsed time spent in this place.
 B = Non-inter-level travel time spent in this place.
 C = Inter-level travel time spent in this place.
 D = Time resting spent in this place.
 E = Time spent auto-exploring this place.
 F = Levels seen in this place.
 G = Mean time per level.
                   A        B        C        D        E       F      G
               +--------+--------+--------+--------+--------+-----+--------+
         Total |   2442 |   2315 |    127 |    148 |   1556 |   5 |  488.4 |
       Dungeon |   2442 |   2315 |    127 |    148 |   1556 |   5 |  488.4 |
               +--------+--------+--------+--------+--------+-----+--------+

Top non-repeatable levels by time:
     D:3: 835 daAuts
     D:1: 744 daAuts
     D:2: 528 daAuts
     D:7: 191 daAuts
     D:4: 143 daAuts
